 Dungeon Crawl Stone Soup version 0.26-a0-597-gb535b0901c (webtiles) character file.

Game seed: 12264169749561948897

2 Lanoc the Sneak (level 1, -4/11 HPs)
             Began as a Vine Stalker Delver on Sept 1, 2020.
             Killed by nerve-wracking pain
             ... invoked by a shadow imp
              (6 damage)
             ... on level 5 of the Dungeon.
             The game lasted 00:00:14 (55 turns).

Lanoc the Sneak (Vine Stalker Delver)                 Turns: 55, Time: 00:00:14

Health: -4/11      AC:  3    Str: 14    XL:     1   Next: 30%
Magic:  0/2        EV: 12    Int: 10    God:
Gold:   0          SH:  0    Dex: 15    Spells: 0/0 levels left

rFire    . . .     SeeInvis .   a - +0 falchion
rCold    . . .     Faith    .   (no shield)
rNeg     . . .     Spirit   +   b - +0 leather armour
rPois    .         Reflect  .   (no helmet)
rElec    .         Harm     .   (no cloak)
rCorr    .                      (no gloves)
MR       .....                  (no boots)
Stlth    +++.......             (no amulet)
HPRegen  0.03/turn              (no ring)
MPRegen  0.08/turn              (no ring)

@: no status effects
A: fangs 2, magic shield, antimagic bite, no potion heal 3, rot immunity
a: no special abilities


You were on level 5 of the Dungeon.
You visited 1 branch of the dungeon, and saw 1 of its levels.

Inventory:

Hand Weapons
 a - a +0 falchion (weapon)
Armour
 b - a +0 leather armour (worn)
Wands
 g - a wand of digging (3)
Scrolls
 c - a scroll of fog
 d - a scroll of magic mapping
 e - a scroll of fear
Potions
 f - a potion of haste


   Skills:
 + Level 2.7 Fighting
 - Level 1.7 Long Blades
 + Level 1.6 Dodging
 - Level 6.0 Stealth


You couldn't memorise any spells.
You didn't know any spells.
Your spell library was empty.

Dungeon Overview and Level Annotations

Branches:
Dungeon (5/15)
 Temple: D:4-7

Altars:


Innate Abilities, Weirdness & Mutations

You have extremely sharp teeth.
When hurt, damage is shared between your health and your magic reserves.
Your bite disrupts and absorbs the magic of your enemies.
Potions cannot restore your health.
You are immune to rotting.


Message History

You hit the shadow imp but do no damage.
The shadow imp hits you.
You hit the shadow imp but do no damage.
You bite the shadow imp, but do no damage.
The shadow imp grinds its teeth.
The shadow imp hits you.
* * * LOW HITPOINT WARNING * * *
You closely miss the shadow imp. The shadow imp misses you.
You riposte.
You hit the shadow imp.
The shadow imp is moderately wounded.
The shadow imp hits you but does no damage.
You closely miss the shadow imp.
The shadow imp is moderately wounded.
The shadow imp hits you but does no damage.
You closely miss the shadow imp.
The shadow imp is moderately wounded.
The shadow imp gestures at you. Pain shoots through your body!
Ouch! That really hurt!
You die...

..# #..?...o.. #..
#>.?...... #...
#.........
#...#.........
##...#.........
.......o.....#
......OY######
#######5# #@# ##.#
##..# ####### #..##
#.....#
.#######.#######.....#
...................[.#
####.†.........>....#
#.......##########
#.......#


You could see an ice beast, an ogre, a shadow imp and an orc.

Vanquished Creatures
  A giant cockroach (D:5)
  A frilled lizard (D:5)
2 creatures vanquished.

Notes
Turn   | Place    | Note
-------+----------+-------------------------------------------
     0 | D:5      | Lanoc the Vine Stalker Delver began the quest for the Orb.
     0 | D:5      | Reached XP level 1. HP: 11/11 MP: 2/2
     4 | D:5      | Noticed an ogre
    40 | D:5      | Noticed an ice beast
    47 | D:5      | Noticed an ogre
    55 | D:5      | Killed from afar by a shadow imp

Illustrated notes

Levels and vault maps discovered:
D:5:      layout_rooms, uniq_duvessa, uniq_pikel

Action                   || total
-------------------------++-------
Melee: Falchion          ||    13
       Bite              ||     3
Armor: Leather armour    ||     5
Dodge: Dodged            ||     6
       Rpst.: Falchion   ||     2

Table legend: (Time is in decaauts)
 A = Elapsed time spent in this place.
 B = Non-inter-level travel time spent in this place.
 C = Inter-level travel time spent in this place.
 D = Time resting spent in this place.
 E = Time spent auto-exploring this place.
 F = Levels seen in this place.
 G = Mean time per level.
                   A        B        C        D        E       F      G
               +--------+--------+--------+--------+--------+-----+--------+
         Total |     57 |     57 |      0 |      0 |     25 |   1 |   57.0 |
       Dungeon |     57 |     57 |      0 |      0 |     25 |   1 |   57.0 |
               +--------+--------+--------+--------+--------+-----+--------+

Top non-repeatable levels by time:
     D:5: 57 daAuts
